AoeStats
← crtolino93

Enclosed

504225539Analyzed
1v1 RM · 29d ago on Sep 4, 2026· 49m 29s· 2 players
Game mode
Random Map
Map size
Tiny (2 player)
Population
200
Speed
Normal
Resources
Standard
Victory
Conquest
Starting age
Dark Age
Ending age
Imperial Age
RankedLock teamsTeams togetherTeam positionsShared explorationLock speedFull tech treeHidden civsTurbo modeCheats
Victory
Defeat
🇸🇮 Ethiopians · Slovenia
1220
+14
🇹🇷 Ethiopians · Türkiye
1170
-14
Canbo
5:24 Loom
9:38 Feudal Age
11:05 Double-Bit Axe
13:56 Fletching
17:06 Wheelbarrow
16:26 Horse Collar
17:03 Padded Archer Armor
17:18 Gold Mining
21:35 Castle Age
22:02 Elite Skirmisher
22:42 Bodkin Arrow
23:05 Bow Saw
25:01 Leather Archer Armor
25:18 Heavy Plow
26:29 Hand Cart
26:15 Crossbowman
30:17 Ballistics
37:25 Gold Shaft Mining
39:34 Imperial Age
39:49 Arbalester
41:53 Two-Man Saw
41:23 Bracer
44:35 Thumb Ring
44:57 Stone Mining
47:53 Ring Archer Armor
crtolino93
4:11 Loom
11:06 Feudal Age
15:43 Castle Age
14:07 Double-Bit Axe
15:53 Fletching
15:57 Crossbowman
17:09 Padded Archer Armor
17:55 Horse Collar
22:48 Wheelbarrow
22:47 Town Watch
23:40 Bodkin Arrow
25:15 Leather Archer Armor
30:57 Ballistics
30:34 Gold Mining
31:01 Hand Cart
35:44 Imperial Age
36:20 Thumb Ring
36:28 Bow Saw
36:26 Heavy Plow
35:51 Arbalester
37:10 Stone Mining
38:01 Bracer
39:15 Conscription
39:31 Ring Archer Armor
39:01 Scale Mail Armor
39:12 Forging
39:33 Capped Ram
39:58 Elite Skirmisher
41:49 Gold Shaft Mining
41:58 Chain Mail Armor
Connection lost

Rejoining the realm…

Still unreachable

The connection could not be restored.

Session expired

The server has moved on; the page needs a fresh start.